Description

In this replay, I show you a 1 base phoenix/battery/stalker all-in.

This build order works perfectly if your opponent react with a Stargate playstyle. The Stargate first opening will force this kind of playstyle and will force a fast expand. This kind of build order is hard to scout because it looks like a standard macro build order;

Notes :

  • Hide your scouting probe
  • Send your scouting probe after the first phoenix to do the proxy pylone + Gate + shield batteries
  • Attack with 3 phoenix and focus units like immortals if their is some. If not, focus stalkers.

VOD

https://youtu.be/ZJXpLxx6Zzg

Replay - PvP SG proxy battery

Build Order

Get SALT Encoding   

  12  0:00  Probe  
  13  0:13  Probe  
  14  0:17  Pylon  
  14  0:22  Probe  
  15  0:31  Probe  
  16  0:37  Gateway  
  16  0:41  Probe  
  16  0:47  Assimilator  
  17  0:53  Probe  
  17  0:56  Assimilator  
  18  1:05  Probe  
  18  1:10  Gateway  
  19  1:17  Probe  
  20  1:27  Cybernetics Core  
  20  1:29  Probe  
  21  1:38  Probe  
  21  1:39  Pylon  
  24  2:04  Stargate  
  24  2:09  Warp Gate  
  24  2:10  Stalker  
  26  2:19  Stalker  
  29  2:28  Pylon  
  29  2:40  Phoenix, Stalker  
  33  2:53  Stalker  
  35  3:01  Pylon  
  35  3:11  Phoenix  
  37  3:16  Zealot  
  39  3:23  Stalker  
  41  3:35  Pylon  
  41  3:39  Phoenix  
  43  3:54  Gateway  
  43  3:57  Shield Battery x2  
  43  4:12  Stalker x2  
  47  4:19  Shield Battery  
  47  4:38  Stalker x2  
Spawning Tool Build Advisor. Get it on Overwolf

Go to:

Details

  • Created by: zuka      
  • Published on: Dec 22, 2018
  • Patch: 4.7.1
Show
View Real Time Build Order
Export as new Build Order

Comments (0)

There are no comments. Be the first!

Create an account to comment!